 Dungeon Crawl Stone Soup version 0.30.0-5-g1a98f26d00 (webtiles) character file.

Game seed: 15181428918472271686

70941 Jackthecabe the Grappler (level 14, -1/149 HPs)
             Began as a Troll Delver on May 6, 2023.
             Was a High Priest of Qazlal.
             Slain by a red devil
             ... wielding a +0 trident
             ... summoned by an orc high priest
              (22 damage)
             ... on level 2 of the Orcish Mines on May 9, 2023.
             The game lasted 00:44:24 (19497 turns).

Jackthecabe the Grappler (Troll Delver)            Turns: 19497, Time: 00:44:25

Health: -1/149     AC: 10    Str: 33    XL:     14   Next: 96%
Magic:  22/22      EV:  8    Int:  6    God:    Qazlal [*****.]
Gold:   2087       SH: 22    Dex: 11    Spells: 13/13 levels left

rFire   . .          .
                       - Unarmed
rCold   + . .        l - +0 kite shield
rNeg    . . .        N - +0 swamp dragon scales
rPois   +            (helmet restricted)
rElec   .            U - +0 cloak
rCorr   .            (gloves unavailable)
SInv    .            (boots unavailable)
Will    +....        n - amulet of reflection
Stlth   +            c - ring of protection from cold
HPRegen 1.24/turn    S - +6 ring of strength
MPRegen 0.18/turn

%: repel missiles, reflection
@: lethally poisoned (-1 -> -4), spiked, protected from physical damage,
corroded, studying Spellcasting
A: large, unfitting armour, claws 3, regeneration 1, shaggy fur 1, tough skin 1
a: Renounce Religion, Upheaval, Elemental Force, Disaster Area


You were on level 2 of the Orcish Mines.
You worshipped Qazlal.
Qazlal was extremely pleased with you.
You visited 4 branches of the dungeon, and saw 19 of its levels.
You also visited: Ossuary and Volcano.

You collected 2561 gold pieces.
You spent 474 gold pieces at shops.


Innate Abilities, Weirdness & Mutations

You are too large for most types of armour.
You have claws for hands.
Your natural rate of healing is unusually fast.
You are covered in fur. (AC +1)
You have tough skin. (AC +1)


   Skills:
 - Level 12.0 Fighting
 + Level 9.4 Throwing
 + Level 4.0 Armour
 - Level 1.5 Dodging
 - Level 2.7 Stealth
 - Level 10.0 Shields
 - Level 12.0 Unarmed Combat
 - Level 12.0 Invocations


You had 13 spell levels left.
You didn't know any spells.
Your spell library contained the following spells:

 Spells                   Type           Power      Damage    Failure   Level
 Freeze                   Ice            0%         1d3       71%         1
 Sting                    Tmut/Pois      0%         1d3       71%         1
 Poisonous Vapours        Pois/Air       0%         N/A       83%         2
 Frozen Ramparts          Ice            0%         1d1       97%         3
 Hailstorm                Conj/Ice       0%         3d3       97%         3
 Ozocubu's Armour         Ice            0%         N/A       97%         3
 Tukima's Dance           Hex            0%         N/A       97%         3
 Volatile Blastmotes      Fire/Tloc      0%         2d10      97%         3
 Fulminant Prism          Conj/Hex       0%         3d5       100%        4
 Iskenderun's Mystic Bla  Conj/Tloc      0%         2d3       100%        4
 Olgreb's Toxic Radiance  Pois           0%         N/A       100%        4
 Passage of Golubria      Tloc           0%         N/A       100%        4
 Lee's Rapid Deconstruct  Erth           0%         3d4*      100%        5
 Metabolic Englaciation   Hex/Ice        0%         N/A       100%        5
 Yara's Violent Unravell  Hex/Tmut       0%         3d3       100%        5
 Simulacrum               Ice/Necr       0%         N/A       100%        6

Inventory:

Missiles
 g - 2 large rocks {=f}
 v - 16 poisoned darts (quivered)
 J - 2 throwing nets {=f}
Armour
 l - a +0 kite shield (worn)
 z - +0 fire dragon scales
 N - +0 swamp dragon scales (worn)
 R - a +0 troll leather armour
 U - a +0 cloak (worn)
Jewellery
 c - a ring of protection from cold (left claw)
 n - an amulet of reflection (around neck)
 A - an amulet of guardian spirit
 C - a ring of ice
 D - a +6 ring of dexterity
 L - a ring of flight
 S - a +6 ring of strength (right claw)
Wands
 a - a wand of light (6)
 f - a wand of digging (10)
 r - a wand of iceblast (21)
 t - a wand of polymorph (15)
 w - a wand of paralysis (20)
 K - a wand of flame (21)
Scrolls
 b - 2 scrolls of fog
 d - 4 scrolls of fear
 i - 4 scrolls of enchant armour
 j - 7 scrolls of teleportation {@r2}
 k - a scroll of blinking
 u - 2 scrolls of poison
 x - 3 scrolls of vulnerability
 y - 2 scrolls of torment
 B - 6 scrolls of amnesia
 E - 2 scrolls of immolation
 G - 7 scrolls of brand weapon
 O - a scroll of identify {@r1}
 P - a scroll of silence {!r}
 V - 7 scrolls of magic mapping
 Y - 2 scrolls of butterflies
Potions
 e - 9 potions of haste {@q3}
 h - a potion of lignification
 m - 8 potions of might
 o - 6 potions of mutation
 p - 2 potions of heal wounds {@q2}
 q - 2 potions of flight
 s - 5 potions of attraction
 F - 10 potions of curing {@q1}
 H - 3 potions of brilliance
 I - 3 potions of invisibility
 Q - a potion of berserk rage {!q}
 W - 2 potions of ambrosia
 Z - a potion of resistance
Miscellaneous
 M - a phial of floods
 T - a piece from Xom's chessboard (15/15)

Dungeon Overview and Level Annotations

Branches:
Dungeon (11/15)            Temple (1/1) D:6            Lair (5/5) D:10
  Swamp (0/4) Lair:3       Spider (0/4) Lair:2        Slime (0/5) Lair:5
    Orc (2/2) D:9             Elf (0/3) Orc:2       Ossuary (visited)
Volcano (visited)

Altars:
Ashenzari
Cheibriados
Dithmenos
Elyvilon
Fedhas
Gozag
Hepliaklqana
Kikubaaqudgha
Makhleb
Nemelex Xobeh
Okawaru
Qazlal
Ru
Sif Muna
Trog
Uskayaw
Vehumet
Wu Jian
Xom
Yredelemnul
Zin
The Shining One

Shops:
D:3 *!   D:5 (   D:9 ?[[ Orc:2

( #.............. ....
#...........#.. ....
#............## .....
#.............. ÷.÷÷.
▒#..))).....#... ▒...÷.
▒...)#..)....##. ▒....▒
▒#○..##..##....##
#..÷.4##.)).##.......##
#.o§4@...####.##....#
##.4o.)§## ######.##
###...## ### #####


You could see an orc high priest (strong), an orange demon (summoned), a rust
devil (summoned), a red devil (summoned) and an orc priest.


Message History

You mangle the orc knight!!
You kill the orc knight!
Qazlal accepts your kill.
You feel very sick.
The orc priest no longer looks unusually strong.
You block the red devil's attack.
The orc high priest is engulfed in freezing vapours.
The orc high priest mumbles some strange prayers to Beogh against you.
Beogh smites you!
* * * LOW HITPOINT WARNING * * *
Unknown command.
Unknown command.
Unknown command.
Unknown command.
You scratch the orc high priest but do no damage.
The orc high priest is moderately wounded.
You feel very sick.
The rust devil is engulfed in a thunderstorm.
You block the orange demon's attack. You block the red devil's attack.
The orc high priest is engulfed in freezing vapours.
The orc high priest hits you with a +0 war axe!
* * * LOW HITPOINT WARNING * * *
You scratch the orc high priest.
The orc high priest is severely wounded.
You feel very sick. The rust devil hits you.
* * * LOW HITPOINT WARNING * * *
The rust devil corrodes you! You block the orange demon's attack.
The red devil hits you from afar with a +0 trident!!
You die...

Skill      XL: |  1  2  3  4  5  6  7  8  9 10 11 12 13 14 |
---------------+-------------------------------------------+-----
Unarmed Combat | 4 5 6 7 8 11 12 | 12.0
Fighting       | 4 7 8 12 | 12.0
Invocations    | 6 8 10 11 12 | 12.0
Shields        | 6 10 | 10.0
Throwing       | 5 9 |  9.4
Armour         | 4 |  4.0
Dodging        | |  1.5
Stealth        | |  2.7

Action                     |  1- 3 |  4- 6 |  7- 9 | 10-12 | 13-15 || total
---------------------------+-------+-------+-------+-------+-------++-------
  Melee: Unarmed           |    28 |   167 |   222 |   520 |   675 ||  1612
         Punch             |     2 |     7 |    19 |     8 |       ||    36
  Throw: Large rock        |       |       |       |       |    16 ||    16
 Invoke: Upheaval          |       |       |       |     3 |    12 ||    15
         Elemental Force   |       |       |       |     1 |       ||     1
         Disaster Area     |       |       |       |       |     1 ||     1
  Evoke: Wand              |       |       |       |     7 |     2 ||     9
         Phial of floods   |       |       |       |     1 |       ||     1
    Use: Scroll            |       |       |       |    17 |     2 ||    19
         Potion            |       |       |       |     6 |     2 ||     8
   Stab: Sleeping          |     1 |     7 |     1 |       |       ||     9
         Confused          |       |       |     1 |       |     1 ||     2
         Petrified         |       |       |       |       |     1 ||     1
 Armour: Robe              |     7 |    38 |    22 |    16 |       ||    83
         Swamp dragon scal |       |       |       |   127 |   145 ||   272
  Dodge: Dodged            |    13 |    53 |    69 |   126 |   153 ||   414
         Repelled          |       |       |       |     2 |     4 ||     6
  Block: Other             |       |    22 |    34 |    53 |       ||   109
         Reflection        |       |     1 |     2 |     4 |    29 ||    36
         Kite shield       |       |       |       |   383 |   693 ||  1076

Levels and vault maps discovered:
D:1:      dpeg_arrival_pond, layout_basic, serial_corexii_hall,
          chequers_hall_statues_wall_a, corexii_hall_statues_i,
          corexii_hall_statues_i, corexii_hall_statues_t,
          minmay_indecisive_spiral
D:2:      layout_basic, serial_curves, eino_curves_03, eino_curves_01,
          eino_curves_03, st_stairs_3, minmay_pentomino_x4
D:3:      layout_basic, zin_purify, serial_shops, shop, uniq_jessica, uniq_ijyb
D:4:      layout_basic
D:5:      layout_layer_cave, mainiacjoe_overflow_concentric_impassable,
          serial_shops, shop, uniq_edmund
D:6:      layout_basic, bloody_makhleb, minmay_temple_entry_sparse_star,
          nicolae_ossuary_entry_catacombs, chequers_decorated_corner,
          minmay_fractal_squares_gapless_5, uniq_prince_ribbit1
D:7:      layout_loops_ring, minitemple, kennysheep_pointless_box
D:8:      layout_layer_cave, uniq_maggie
D:9:      layout_irregular_city, mainiacjoe_overflow_tiny_flanked, david_orc_3,
          serial_shops, shop, kennysheep_mini_moat, nicolae_lakefront_shop,
          nicolae_shop_scrapyard, nicolae_diamond_shop,
          kennysheep_generic_room_15
D:10:     layout_basic, slow_altar_1, david_lair_generic
D:11:     layout_basic
Temple:   hellmonk_temple_divided_pantheon
Lair:1:   layout_layer_cave, infiniplex_staircase_pool
Lair:2:   layout_long_grid, hellmonk_spider_entry_not_the_bees
Lair:3:   layout_cellular_growth, swamp_mist, nicolae_volcano_entry_batcave,
          guppyfry_lair_drakes, grunt_megastairs_1, lemuel_fruit_tree,
          infiniplex_staircase_pool_2, serial_bayou_shore_b,
          lemuel_fruit_fields, uniq_amaemon, uniq_josephine, uniq_snorg
Lair:4:   layout_layer_cave, grunt_megastairs_3
Lair:5:   hangedman_lair_in_review, layout_regular_city,
          guppyfry_lair_end_dragon, dpeg_slime_entry_enclosed
Orc:1:    layout_caves, minmay_orc_temple_a
Orc:2:    grunt_orc_tribal_feast, layout_caves, nicolae_shop_firing_range,
          uniq_maurice, uniq_saint_roka

Notes
Turn   | Place    | Note
-------+----------+-------------------------------------------
     0 | D:5      | Jackthecabe the Troll Delver began the quest for the Orb.
     0 | D:5      | Reached XP level 1. HP: 22/22 MP: 0/0
     1 | D:5      | Noticed a gnoll bouda
    22 | D:4      | Reached XP level 2. HP: 13/29 MP: 1/1
    47 | D:4      | Reached skill level 3 in Unarmed Combat
    85 | D:4      | Noticed a sky beast
   127 | D:4      | Killed a sky beast
   128 | D:4      | Reached skill level 4 in Unarmed Combat
   128 | D:4      | Reached XP level 3. HP: 32/36 MP: 2/2
   128 | D:4      | Reached XP level 4. HP: 40/44 MP: 3/3
   249 | D:4      | Reached skill level 5 in Unarmed Combat
   264 | D:4      | Reached XP level 5. HP: 48/50 MP: 4/4
   274 | D:4      | Noticed an ogre
  1891 | D:3      | Noticed Jessica
  1905 | D:3      | Killed Jessica
  1906 | D:3      | Reached skill level 6 in Unarmed Combat
  1918 | D:3      | Found Erhovi's Distillery.
  1933 | D:3      | Bought a potion of might for 44 gold pieces
  1933 | D:3      | Bought a potion of heal wounds for 55 gold pieces
  1933 | D:3      | Bought a potion of degeneration for 11 gold pieces
  1933 | D:3      | Bought a potion of attraction for 33 gold pieces
  1949 | D:3      | Noticed Ijyb
  1959 | D:3      | Killed Ijyb
  2041 | D:3      | Reached XP level 6. HP: 52/59 MP: 5/5
  2072 | D:3      | Found Zin's Purification Station.
  2076 | D:3      | Found a glowing silver altar of Zin.
  2109 | D:3      | Reached skill level 3 in Fighting
  2770 | D:4      | Noticed an ice beast
  2778 | D:4      | Killed an ice beast
  2779 | D:4      | Reached skill level 4 in Fighting
  2779 | D:4      | Reached skill level 7 in Unarmed Combat
  2779 | D:4      | Reached XP level 7. HP: 59/70 MP: 6/6
  3115 | D:5      | Noticed Edmund
  3165 | D:5      | Found Jaqiwoblu's Antique Weapon Shop.
  3219 | D:5      | Found a blossoming altar of Fedhas.
  3307 | D:5      | Killed Edmund
  3308 | D:5      | Reached skill level 8 in Unarmed Combat
  3620 | D:5      | Reached XP level 8. HP: 77/78 MP: 7/7
  3734 | D:6      | Found a staircase to the Ecumenical Temple.
  3745 | Temple   | Entered the Ecumenical Temple
  3745 | Temple   | Found a transporter.
  3745 | Temple   | Found a transporter.
  3747 | Temple   | Found a transporter.
  3747 | Temple   | Found a transporter.
  3779 | Temple   | Became a worshipper of Qazlal Stormbringer
  3911 | D:6      | Reached skill level 9 in Unarmed Combat
  4010 | D:6      | Found a burning altar of Makhleb.
  4026 | D:6      | Noticed Prince Ribbit
  4041 | D:6      | Killed Prince Ribbit
  4244 | D:6      | Reached skill level 10 in Unarmed Combat
  4259 | D:6      | Found a sand-covered staircase.
  4266 | Ossuary  | Entered an ossuary
  5028 | D:7      | Reached * piety under Qazlal
  5029 | D:7      | Reached skill level 11 in Unarmed Combat
  5137 | D:7      | Reached XP level 9. HP: 80/83 MP: 8/8
  5233 | D:7      | Found a basalt altar of Yredelemnul.
  5234 | D:7      | Found a sparkling altar of Nemelex Xobeh.
  5234 | D:7      | Found a sacrificial altar of Ru.
  5234 | D:7      | Found a shimmering altar of Xom.
  5251 | D:7      | Found a shadowy altar of Dithmenos.
  5253 | D:7      | Found a shimmering blue altar of Sif Muna.
  5387 | D:7      | Reached skill level 12 in Unarmed Combat
  5448 | D:7      | Reached skill level 1 in Invocations
  5459 | D:7      | Paralysed by a hornet for 1 turns
  5463 | D:7      | Reached skill level 3 in Invocations
  5725 | D:7      | Reached skill level 4 in Invocations
  5954 | D:8      | Identified the +6 trident of Conformity {drain, rElec rPois
                  | rC- rCorr}
  6112 | D:8      | Noticed a two-headed ogre
  6120 | D:8      | Killed a two-headed ogre
  6121 | D:8      | Reached skill level 6 in Invocations
  6215 | D:8      | Noticed Maggie
  6365 | D:8      | Reached ** piety under Qazlal
  6893 | D:9      | Found Qeitwagh's Antique Armour Shop.
  6901 | D:9      | Reached XP level 10. HP: 92/92 MP: 12/14
  6916 | D:9      | Found Opliezet's Book Shoppe.
  6967 | D:9      | Noticed a gargoyle
  7055 | D:9      | Found a staircase to the Orcish Mines.
  7071 | D:9      | Reached skill level 7 in Invocations
  7212 | D:9      | Noticed a centaur warrior
  7394 | D:9      | Killed a centaur warrior
  7395 | D:9      | Reached skill level 8 in Invocations
  7744 | D:8      | Killed Maggie
  7839 | D:9      | Reached skill level 5 in Fighting
  7853 | D:9      | Found Wusi Wae's Antique Armour Emporium.
  8014 | D:9      | Reached skill level 6 in Fighting
  8140 | D:9      | Killed a gargoyle
  8163 | D:9      | Found Guzest's Antique Armour Shop.
  8182 | D:9      | Found Roonnum's Magic Scroll Emporium.
  8192 | D:9      | Bought a scroll of vulnerability for 52 gold pieces
  8192 | D:9      | Bought a scroll of silence for 123 gold pieces
  8192 | D:9      | Bought a scroll of teleportation for 39 gold pieces
  8192 | D:9      | Bought a scroll of identify for 26 gold pieces
  8192 | D:9      | Bought a scroll of identify for 26 gold pieces
  8192 | D:9      | Bought a scroll of identify for 26 gold pieces
  8192 | D:9      | Bought a scroll of teleportation for 39 gold pieces
  8302 | D:9      | Found a hazy altar of Hepliaklqana.
  8649 | D:10     | Entered Level 10 of the Dungeon
  8649 | D:10     | Noticed a death yak
  8651 | D:10     | Noticed an elephant
  8654 | D:10     | Reached skill level 7 in Fighting
  8654 | D:10     | Found a staircase to the Lair.
  8669 | D:9      | Killed a death yak
  8693 | D:9      | Killed an elephant
  8694 | D:9      | Reached XP level 11. HP: 88/110 MP: 16/16
  8699 | D:9      | Reached *** piety under Qazlal
  8996 | D:10     | Reached skill level 8 in Fighting
  9542 | D:10     | Found a snail-covered altar of Cheibriados.
  9840 | D:11     | Noticed a two-headed ogre
  9843 | D:11     | Killed a two-headed ogre
  9844 | D:11     | Reached skill level 1 in Shields
  9844 | D:11     | Reached skill level 9 in Invocations
  9923 | D:11     | Reached skill level 2 in Shields
 10482 | Lair:1   | Entered Level 1 of the Lair of Beasts
 10487 | Lair:1   | Upgraded the game from 0.30.0 to 0.30.0-5-g1a98f26d00
 10504 | D:10     | Reached skill level 3 in Shields
 10792 | Lair:1   | You fall into a shaft and drop 1 floor!
 10817 | Lair:2   | Reached skill level 4 in Shields
 10851 | Lair:2   | Reached skill level 10 in Invocations
 10890 | Lair:2   | Reached skill level 5 in Shields
 11122 | Lair:2   | Found a hole to the Spider Nest.
 11221 | Lair:2   | Reached skill level 6 in Shields
 11415 | Lair:1   | Reached **** piety under Qazlal
 11466 | Lair:1   | Reached XP level 12. HP: 118/119 MP: 18/18
 12038 | Lair:1   | Noticed a catoblepas
 12047 | Lair:1   | Killed a catoblepas
 12048 | Lair:1   | Reached skill level 1 in Throwing
 12048 | Lair:1   | Reached skill level 7 in Shields
 12053 | Lair:1   | Reached skill level 2 in Throwing
 12550 | Lair:2   | Reached skill level 3 in Throwing
 12935 | Lair:3   | Reached skill level 8 in Shields
 12955 | Lair:3   | Reached skill level 4 in Throwing
 13003 | Lair:3   | Noticed Snorg
 13028 | Lair:3   | Killed Snorg
 13135 | Lair:3   | Reached skill level 5 in Throwing
 13234 | Lair:3   | Reached skill level 9 in Shields
 13273 | Lair:3   | Found a dark tunnel.
 13282 | Volcano  | Entered a volcano
 13374 | Volcano  | Reached skill level 10 in Shields
 13374 | Volcano  | Reached XP level 13. HP: 64/128 MP: 19/19
 13495 | Volcano  | Reached skill level 9 in Fighting
 13680 | Lair:3   | Noticed Amaemon
 13705 | Lair:3   | Killed Amaemon
 13916 | Lair:3   | Reached skill level 10 in Fighting
 13918 | Lair:3   | Noticed Josephine
 13926 | Lair:3   | Killed Josephine
 14007 | Lair:3   | Found a staircase to the Swamp.
 14505 | Lair:4   | Reached skill level 11 in Fighting
 15644 | Lair:5   | Entered Level 5 of the Lair of Beasts
 15746 | Lair:5   | Reached skill level 12 in Fighting
 15783 | Lair:5   | Reached ***** piety under Qazlal
 15938 | Lair:5   | Reached skill level 11 in Invocations
 15938 | Lair:5   | Reached XP level 14. HP: 129/149 MP: 21/21
 16000 | Lair:5   | Identified a potion of resistance
 16221 | Lair:5   | Found a staircase to the Slime Pits.
 16479 | Lair:5   | Reached skill level 12 in Invocations
 16658 | Lair:5   | Identified the +10 trident "Volotoax" {heavy, rC- Will+
                  | Str+2}
 17258 | Lair:5   | Reached skill level 6 in Throwing
 17402 | Lair:5   | Reached skill level 7 in Throwing
 17487 | Lair:5   | Reached skill level 8 in Throwing
 17687 | Orc:1    | Entered Level 1 of the Orcish Mines
 17949 | Orc:2    | Entered Level 2 of the Orcish Mines
 17953 | Orc:2    | Noticed Saint Roka
 18076 | Orc:1    | Reached skill level 1 in Armour
 18230 | Orc:2    | Noticed Maurice
 18267 | Orc:1    | Killed Maurice
 18649 | Orc:2    | Killed Saint Roka
 18650 | Orc:2    | Reached skill level 2 in Armour
 18755 | Orc:2    | Found a staircase to the Elven Halls.
 19129 | Orc:2    | Reached skill level 3 in Armour
 19171 | Orc:2    | Reached skill level 9 in Throwing
 19254 | Orc:2    | Identified a +2 robe of the Archmagi
 19367 | Orc:2    | Found Picuh's Firing Range.
 19483 | Orc:2    | Reached skill level 4 in Armour
 19497 | Orc:2    | Slain by a red devil

Vanquished Creatures
  Saint Roka (Orc:2)
  Snorg (Lair:3)
  A fire dragon (Lair:5)
  Josephine (Lair:3)
  5 hydras
  2 catoblepae
  A centaur warrior (D:9)
  7 death yaks
  2 boulder beetles
  2 two-headed ogres
  2 orc high priests (Orc:2)
  Amaemon (Lair:3)
  A deep elf archer (Volcano)
  A swamp dragon (Lair:5)
  2 lindwurms (Lair:5)
  7 orc knights (Orc:2)
  8 deep elf pyromancers (Volcano)
  2 oklob plants
  4 orc sorcerers
  22 elephants
  6 black mambas
  Maurice (Orc:1)
  11 cane toads
  A torpor snail (Lair:2)
  An orange demon (Lair:3)
  Maggie (D:8)
  A gargoyle (D:9)
  A kobold demonologist (D:11)
  4 rime drakes
  13 komodo dragons
  3 polar bears (Lair:3)
  4 trolls
  A meliai (Lair:2)
  4 hornets
  Prince Ribbit (D:6)
  14 blink frogs
  2 dream sheep (Lair:5)
  A shadow (D:11)
  A vampire (D:11)
  7 wyverns
  7 fire elementals (Volcano)
  27 yaks
  6 wraiths
  3 fire bats (Lair:3)
  2 steam dragons (Lair:5)
  A basilisk (Lair:5)
  3 wargs
  Edmund (D:5)
  15 water moccasins
  3 acid dragons (Lair:5)
  2 hell hounds (Volcano)
  A swamp drake (Lair:5)
  27 orc warriors
  2 sky beasts
  An ice beast (D:4)
  4 black bears
  6 ogres
  10 wolves
  2 centaurs
  An elf zombie (D:6)
  11 bullfrogs
  A gnoll sergeant (D:9)
  2 scorpions
  10 wights
  2 elf skeletons (D:6)
  16 killer bees
  3 howler monkeys
  2 human zombies
  4 sleepcaps
  17 orc priests
  4 hounds
  2 human skeletons (D:6)
  A gnoll bouda (D:4)
  Jessica (D:3)
  7 iguanas
  23 orc wizards
  Ijyb (D:3)
  7 hell rats (Lair:3)
  4 mummies
  11 gnolls
  7 adders
  2 white imps
  A worm (D:4)
  4 dart slugs
  81 orcs
  3 bats
  4 endoplasms
  7 giant cockroaches
  A gnoll zombie (Ossuary)
  5 hobgoblins
  4 jackals
  9 kobolds
  6 ball pythons
  8 frilled lizards
  5 goblins
  A goblin zombie (Ossuary)
  A hobgoblin zombie (Ossuary)
  4 kobold zombies (Ossuary)
  3 rats
560 creatures vanquished.

Table legend: (Time is in decaauts)
 A = Elapsed time spent in this place.
 B = Non-inter-level travel time spent in this place.
 C = Inter-level travel time spent in this place.
 D = Time resting spent in this place.
 E = Time spent auto-exploring this place.
 F = Levels seen in this place.
 G = Mean time per level.
                   A        B        C        D        E       F      G
               +--------+--------+--------+--------+--------+-----+--------+
         Total |  19316 |  17662 |   1654 |   2195 |  10927 |  21 |  919.8 |
       Dungeon |  10579 |   9337 |   1242 |    742 |   6451 |  11 |  961.7 |
        Temple |     52 |     52 |      0 |      0 |      0 |   1 |   52.0 |
          Lair |   6313 |   5978 |    335 |    652 |   3698 |   5 | 1262.6 |
  Orcish Mines |   1783 |   1707 |     76 |    662 |    593 |   2 |  891.5 |
       Ossuary |    219 |    219 |      0 |      0 |    139 |   1 |  219.0 |
       Volcano |    368 |    368 |      0 |    138 |     46 |   1 |  368.0 |
               +--------+--------+--------+--------+--------+-----+--------+

Top non-repeatable levels by time:
  Lair:5: 1898 daAuts
     D:8: 1856 daAuts
     D:9: 1202 daAuts
  Lair:1: 1187 daAuts
  Lair:4: 1155 daAuts
  Lair:3: 1109 daAuts
     D:6: 1057 daAuts
    D:10: 1028 daAuts
     D:2: 989 daAuts
  Lair:2: 962 daAuts
   Orc:1: 955 daAuts
     D:7: 868 daAuts
     D:4: 860 daAuts
   Orc:2: 827 daAuts
     D:5: 729 daAuts

Table legend:
 A = Non-vault XP
 B = Vault XP
 C = Vault XP percentage of total XP
 D = Non-vault monster count
 E = Vault monster count
 F = Vault count percentage of total count
                 A         B        C        D         E       F
            +---------+---------+-------+---------+---------+-------
      Total |   58505 |   42840 |  42.3 |     377 |     183 |  32.7
            +---------+---------+-------+---------+---------+-------
        D:1 |      11 |      13 |  54.2 |       8 |       6 |  42.9
        D:2 |      17 |      35 |  67.3 |       3 |       7 |  70.0
        D:3 |      97 |      70 |  41.9 |      26 |       2 |   7.1
        D:4 |     706 |       0 |   0.0 |      33 |       0 |   0.0
        D:5 |     396 |     162 |  29.0 |      10 |       1 |   9.1
        D:6 |     232 |     679 |  74.5 |      10 |       9 |  47.4
        D:7 |    1687 |       0 |   0.0 |      28 |       0 |   0.0
        D:8 |    1380 |     436 |  24.0 |      12 |       3 |  20.0
        D:9 |    3324 |    1878 |  36.1 |      38 |       9 |  19.1
       D:10 |    2731 |      18 |   0.7 |      17 |       1 |   5.6
       D:11 |    2208 |       0 |   0.0 |       9 |       0 |   0.0
     Lair:1 |    4422 |       0 |   0.0 |      15 |       0 |   0.0
     Lair:2 |    6369 |     481 |   7.0 |      31 |       4 |  11.4
     Lair:3 |    9926 |    6262 |  38.7 |      32 |      24 |  42.9
     Lair:4 |    3939 |    1044 |  21.0 |      11 |       4 |  26.7
     Lair:5 |   15249 |   14039 |  47.9 |      36 |      36 |  50.0
      Orc:1 |    1684 |     881 |  34.3 |      22 |      14 |  38.9
      Orc:2 |    4127 |    9870 |  70.5 |      36 |      34 |  48.6
    Ossuary |       0 |     107 | 100.0 |       0 |      11 | 100.0
    Volcano |       0 |    6865 | 100.0 |       0 |      18 | 100.0
            +---------+---------+-------+---------+---------+-------
